 Dungeon Crawl Stone Soup version 0.28.0 (webtiles) character file.

Game seed: 7021733712517284544

863 boopmooplesden the Chopper (level 7, -4/61 HPs)
             Began as a Minotaur Fighter on Feb 7, 2022.
             Was a Follower of Okawaru.
             Slain by a wyvern skeleton (6 damage)
             ... on level 5 of the Dungeon.
             The game lasted 00:05:47 (4491 turns).

boopmooplesden the Chopper (Minotaur Fighter)       Turns: 4491, Time: 00:05:48

Health: -4/61      AC:  7    Str: 20    XL:     7   Next: 72%
Magic:  6/6        EV:  9    Int:  5    God:    Okawaru [*.....]
Gold:   223        SH: 10    Dex: 18    Spells: 6/6 levels left

rFire   . . .      SeeInvis .   a - +0 war axe
rCold   . . .      Faith    .   u - +0 kite shield
rNeg    . . .      Spirit   .   b - +0 scale mail
rPois   .          Reflect  .   (helmet restricted)
rElec   .          Harm     .   (no cloak)
rCorr   .          Rampage  .   (no gloves)
Will    .....                   (no boots)
Stlth   +.........              (no amulet)
HPRegen 0.20/turn               f - +6 ring of dexterity
MPRegen 0.10/turn               (no ring)

@: no status effects
A: horns 2, retaliatory headbutt
a: Renounce Religion, Heroism


You were on level 5 of the Dungeon.
You worshipped Okawaru.
Okawaru was aware of your devotion.
You visited 2 branches of the dungeon, and saw 6 of its levels.
You also visited: Sewer.

You collected 223 gold pieces.

Inventory:

Hand Weapons
 a - a +0 war axe (weapon)
Armour
 b - a +0 scale mail (worn)
 c - a +0 buckler
 u - a +0 kite shield (worn)
Jewellery
 f - a +6 ring of dexterity (left hand)
 l - a ring of wizardry
 y - a +4 ring of protection
Wands
 q - a wand of mindburst (8)
Scrolls
 e - 8 scrolls of identify {unknown}
 g - 3 scrolls of immolation
 h - a scroll of enchant armour {unknown}
 i - a scroll of silence {unknown}
 j - a scroll of vulnerability {unknown}
 m - 2 scrolls of teleportation {unknown}
 o - a scroll of fog {unknown}
 p - a scroll of torment {unknown}
 r - a scroll of blinking {unknown}
 v - 3 scrolls of noise {unknown}
 w - a scroll of amnesia {unknown}
 x - a scroll of holy word {unknown}
Potions
 d - 2 potions of might
 k - 3 potions of attraction {unknown}
 n - 3 potions of haste {unknown}
 s - 3 potions of curing
 t - a potion of brilliance {unknown}
 z - a potion of heal wounds
 A - 2 potions of flight
 B - a potion of invisibility


   Skills:
 + Level 5.3 Fighting
 + Level 6.8 Axes
 + Level 6.5 Armour
 + Level 2.4 Dodging
 + Level 0.8 Stealth
 + Level 5.0 Shields


You had 6 spell levels left.
You didn't know any spells.
Your spell library was empty.

Dungeon Overview and Level Annotations

Branches:
Dungeon (5/15)             Temple (1/1) D:4           Sewer (visited)

Altars:
Ashenzari
Cheibriados
Dithmenos
Elyvilon
Fedhas
Gozag
Hepliaklqana
Kikubaaqudgha
Makhleb
Nemelex Xobeh
Okawaru
Qazlal
Ru
Sif Muna
Trog
Uskayaw
Vehumet
Wu Jian
Xom
Yredelemnul
Zin


Innate Abilities, Weirdness & Mutations

You have a pair of horns on your head.
You reflexively headbutt those who attack you in melee.


Message History

You block the ice beast's attack.
You hit the ice beast but do no damage.
The ice beast is moderately wounded.
You block the ice beast's attack.
You hit the ice beast but do no damage.
The ice beast is moderately wounded.
You block the ice beast's attack. The ice beast hits you.
The ice beast freezes you!
You hit the ice beast.
The ice beast is heavily wounded.
You block the ice beast's attack.
You hit the ice beast but do no damage.
The ice beast is heavily wounded.
The ice beast barely misses you.
You completely miss the ice beast. You headbutt the ice beast!
The ice beast is almost dead.
You block the ice beast's attack.
The ice beast hits you but does no damage.
You completely miss the ice beast.
You headbutt the ice beast, but do no damage.
The ice beast is almost dead.
The ice beast hits you. The ice beast freezes you!
* * * LOW HITPOINT WARNING * * *
You closely miss the ice beast. You headbutt the ice beast.
You kill the ice beast!
Okawaru accepts your kill. You block the wyvern skeleton's attack.
You hit the wyvern skeleton but do no damage.
The wyvern skeleton is moderately damaged.
The wyvern skeleton bites you.
* * * LOW HITPOINT WARNING * * *
The wyvern skeleton bites you!
* * * LOW HITPOINT WARNING * * *
You hit the wyvern skeleton.
The wyvern skeleton is moderately damaged.
You block the wyvern skeleton's attack.
You barely miss the wyvern skeleton.
The wyvern skeleton is moderately damaged.
The wyvern skeleton bites you.
You die...

#......../.# ########
##..........# #.......
............# #.......
.....!......# #.......
#..........# #.......
######'##Z## #....... #>##Z#
#....... #.##Z# ####.......
#########'##@# #..........
#......(...#.# #.#........
#..........#.# #.#........
#####..........#.######.#......##
.................................
................................(
#####..........#.#.##############
....#........).#+#.# #
###.#..........<...# #####


You could see a water moccasin zombie, a wyvern skeleton and a centaur skeleton.

Vanquished Creatures
  An ice beast (D:5)
  A necrophage (D:3)
  A centaur (D:5)
  A kobold brigand (Sewer)
  A scorpion (D:5)
  A vampire bat (D:3)
  An orc priest (D:5)
  A hound (D:5)
  An iguana (D:5)
  Terence (D:2)
  2 orc wizards
  Natasha (twice) (D:2)
  7 adders
  2 river rats (Sewer)
  5 worms
  A dart slug (D:1)
  7 orcs
  8 endoplasms
  5 giant cockroaches
  6 goblins
  4 hobgoblins
  13 jackals
  15 kobolds
  9 quokkas
  6 ball pythons
  10 bats
  5 frilled lizards
  10 rats
127 creatures vanquished.

Vanquished Creatures (others)
  An orc wizard (D:3)
1 creature vanquished.

Grand Total: 128 creatures vanquished

Notes
Turn   | Place    | Note
-------+----------+-------------------------------------------
     0 | D:1      | boopmooplesden the Minotaur Fighter began the quest for the
                  | Orb.
     0 | D:1      | Reached XP level 1. HP: 19/19 MP: 0/0
   349 | D:1      | Reached XP level 2. HP: 27/27 MP: 1/1
   573 | D:1      | Found a faded altar of an unknown god.
   626 | D:1      | Reached XP level 3. HP: 31/33 MP: 2/2
  1093 | D:2      | Noticed Natasha
  1099 | D:2      | Killed Natasha
  1100 | D:2      | Reached XP level 4. HP: 30/40 MP: 3/3
  1235 | D:2      | Noticed Terence
  1249 | D:2      | Killed Terence
  1476 | D:2      | Noticed Natasha
  1491 | D:2      | Killed Natasha
  1492 | D:2      | Reached XP level 5. HP: 15/47 MP: 4/4
  1893 | D:3      | Reached skill level 1 in Dodging
  1960 | D:3      | Reached skill level 5 in Armour
  2103 | D:3      | Reached skill level 5 in Axes
  2105 | D:3      | Reached XP level 6. HP: 39/53 MP: 5/5
  3002 | D:4      | Found a staircase to the Ecumenical Temple.
  3028 | Temple   | Entered the Ecumenical Temple
  3206 | Temple   | Became a worshipper of Warmaster Okawaru
  3596 | D:5      | Entered Level 5 of the Dungeon
  3777 | D:5      | Reached skill level 5 in Fighting
  3777 | D:5      | Reached XP level 7. HP: 47/61 MP: 6/6
  4000 | D:5      | Reached * piety under Okawaru
  4006 | D:5      | Found a glowing drain.
  4010 | Sewer    | Entered a sewer
  4174 | Sewer    | Found a glowing silver altar of Zin.
  4313 | D:5      | Reached skill level 5 in Shields
  4489 | D:5      | HP: 2/61 [wyvern skeleton (7)]
  4491 | D:5      | Slain by a wyvern skeleton

Illustrated notes

Levels and vault maps discovered:
D:1:      dpeg_arrival_houses_and_road, layout_loops_ring, serial_glass,
          glass_columns_a, glass_columns_a, hellmonk_ecumenical_altar_blasted,
          minmay_split_cup_small
D:2:      layout_rooms, uniq_terence, uniq_natasha
D:3:      layout_basic, roderic_batcave
D:4:      layout_basic, minmay_temple_entry_sparse_star, hangedman_decor_growths
D:5:      layout_basic, gup_sewer_entry_bowl, grunt_ministairs_7
Temple:   minmay_crystal_snake_temple

Skill      XL: |  1  2  3  4  5  6  7 |
---------------+----------------------+-----
Fighting       | 4 5 |  5.3
Armour         | 4 5 6 |  6.5
Shields        | 4 5 |  5.0
Axes           | 3 4 5 6 |  6.8
Dodging        | 1 2 |  2.4
Stealth        | |  0.8

Action                   |  1- 3 |  4- 6 |  7- 9 || total
-------------------------+-------+-------+-------++-------
Melee: War axe           |    83 |   127 |    61 ||   271
       Headbutt          |    13 |    25 |    11 ||    49
Armor: Scale mail        |    47 |    66 |    28 ||   141
Dodge: Dodged            |    35 |    68 |    26 ||   129
Block: Buckler           |    21 |    30 |       ||    51
       Kite shield       |       |    19 |    30 ||    49
